 Dungeon Sprint DCSS version 0.18-a0-1748-g7377c14 (webtiles) character file.

851 pipel the Covert (level 7, 0/31 HPs)
             Began as a Felid Enchanter on Apr 12, 2016.
             Was a High Priest of Sif Muna.
             Killed from afar by a rime drake (23 damage)
             ... with a flash freeze
             ... in the Dungeon (Sprint V: "Ziggurat Sprint").
             The game lasted 00:07:41 (565 turns).

pipel the Covert (Felid Enchanter)                   Turns: 565, Time: 00:07:42

Health: 0/31       AC:  2    Str:  4    XL:     7   Next: 69%
Magic:  4/18       EV: 29    Int: 24    God:    Sif Muna [*****.]
Gold:   0          SH:  0    Dex: 23    Spells: 5 memorised, 8 levels left
                                        Lives:  0   Deaths: 2

rFire  . . .     SeeInvis +       - Unarmed
rCold  . . .     Gourm    .     (armour unavailable)
rNeg   . . .     Faith    .     (shield unavailable)
rPois  .         Spirit   .     (helmet unavailable)
rElec  .         Dismiss  .     (cloak unavailable)
rCorr  .         Reflect  .     (gloves unavailable)
SustAt .         Harm     .     (boots unavailable)
MR     +....     NoTele   +     (no amulet)
Stlth  +++++++...               v - +6 ring of dexterity
                                x - +6 ring of intelligence

@: quick, somewhat resistant to hostile enchantments, extremely stealthy
A: no armour, no weapons or thrown items, claws 1, fangs 3, see invisible,
carnivore 3, speed 1, shaggy fur 2, slow metabolism 1, sharp paws
a: Channel Energy, Forget Spell, Renounce Religion


You were in the Dungeon.
You worshipped Sif Muna.
Sif Muna was extremely pleased with you.
You were very full.

You visited 1 branch

Inventory:

Jewellery
 l - an uncursed ring of wizardry
 v - a +6 ring of dexterity (right paw)
 w - a +6 ring of dexterity
 x - a +6 ring of intelligence (left paw)
 y - a +6 ring of intelligence
 z - a +6 ring of strength
 A - a +6 ring of strength
Wands
 B - a wand of disintegration (7/24)
 C - a wand of iceblast (0/15)
 D - a wand of lightning (0/15)
 E - a wand of acid (5/15)
Scrolls
 h - 3 scrolls of blinking
 o - 4 scrolls of amnesia
 p - 3 scrolls of recharging
 q - 7 scrolls of fog
 r - a scroll of holy word
 s - 5 scrolls of identify
 t - 5 scrolls of remove curse
 u - 2 scrolls of fear
Potions
 c - 9 potions of curing
 d - 8 potions of heal wounds
 e - 6 potions of haste
 f - 7 potions of magic
 g - 3 potions of berserk rage
 i - 2 potions of brilliance
 j - 2 potions of invisibility
 k - 4 potions of resistance
 m - 5 potions of agility
 n - 5 potions of might
Books
 a - a book of Maledictions

   Spells                             Type                      Level
   a - Corona                         Hexes                        1
   b - Ensorcelled Hibernation        Hexes/Ice                    2
   c - Confuse                        Hexes                        3
   d - Tukima's Dance                 Hexes                        3
   e - Dazzling Spray                 Conjuration/Hexes            3
 H - a Necronomicon

   Spells                             Type                      Level
   a - Haunt                          Necromancy/Summoning         7
   b - Borgnjor's Revivification      Necromancy                   8
   c - Death's Door                   Charms/Necromancy            8
   d - Necromutation                  Transmutation/Necromancy     8
Miscellaneous
 F - a plain deck of defence {drawn: 2}
Comestibles
 b - 5 meat rations


   Skills:
 + Level 3.5 Fighting
 + Level 9.6 Dodging
 + Level 14.3 Stealth
 + Level 4.0 Unarmed Combat
 + Level 7.1 Spellcasting
 + Level 2.4 Conjurations
 + Level 13.7 Hexes
 + Level 1.3 Ice Magic
 + Level 3.0 Invocations
 - Level 4.0 Evocations


You had 8 spell levels left.
You knew the following spells:

 Your Spells              Type           Power        Failure   Level  Hunger
a - Corona                Hex            ######.      1%          1    None
b - Ensorcelled Hibernat  Hex/Ice        #####.       1%          2    None
c - Confuse               Hex            ######..     1%          3    None
d - Tukima's Dance        Hex            ######..     1%          3    None
e - Dazzling Spray        Conj/Hex       #####...     1%          3    None


Dungeon Overview and Level Annotations

Branches:
Dungeon (1/1)

Altars:
Ashenzari
Cheibriados
Dithmenos
Elyvilon
Fedhas
Gozag
Kikubaaqudgha
Makhleb
Nemelex Xobeh
Okawaru
Pakellas
Qazlal
Ru
Sif Muna
Trog
Vehumet
Xom
Yredelemnul
Zin
The Shining One
Beogh
Jiyva
Lugonu


Innate Abilities, Weirdness & Mutations

You cannot wear armour.
You are incapable of wielding weapons or throwing items.
You have sharp claws.
You have razor-sharp teeth.
You have supernaturally acute eyesight.
You are carnivorous and can eat meat at any time.
You cover ground quickly.
You are covered in thick fur (AC +2).
You have a slow metabolism.
Your sharp claws are effective at attacking unaware monsters.


Message History

Press: ? - help, Shift-Dir - straight line, f - rime drake
Aim: a rime drake (severely wounded, not susceptible)
Okay, then.
Casting: Ensorcelled Hibernation
Confirm with . or Enter, or press ? or * to list all spells.
Aiming: Confuse
Press: ? - help, Shift-Dir - straight line, f - rime drake
Aim: a rime drake (severely wounded, chance to defeat MR: 78%)
The rime drake barely resists.
You now have 1/18 mp.
You channel some magical energy.
You feel somewhat less full. The rime drake completely misses you.
You fail to use your ability.
The rime drake bites you.
You take 2 damage, and have 23/31 hp.
You channel some magical energy.
You feel somewhat less full. The rime drake breathes ice at you.
The flash freeze hits you!
Ouch! That really hurt!
You die...

▓▓▓▓▓▓▓▓▓▓▓▓▓▓▓▓▓▓▓
▓.l.8©8...▓..8©8..▓
▓..|}}:...▓..)}).†▓
▓...||)...▓..}||..▓
▓.....†...▓.......▓
▓.......l.▓.......▓
▓.........▓...†...▓
▓.........▓...i...▓
▓.▓....†▓@▓...hh..▓
▓......†k.▓...†...▓
▓▓▓▓▓▓▓▓▓▓▓▓▓▓▓▓▓▓▓
▓..8©8..▓ ▓..[))..▓
▓..)[...▓ ▓.......▓
▓.......▓ ▓.......▓


You could see a rime drake and 2 wyverns.

Vanquished Creatures
  A jumping spider (D)
  A wyvern (D)
  A steam dragon (D)
  A mottled dragon (D)
  A swamp drake (D)
  An orc warrior (D)
  A black bear (D)
  2 wolves (D)
  4 scorpions (D)
  3 crimson imps (D)
  2 orc priests (D)
  4 orc wizards (D)
  An iron imp (D)
  2 white imps (D)
  An ufetubus (D)
  3 orcs (D)
29 creatures vanquished.

Vanquished Creatures (others)
  Snorg (D)
  Maurice (D)
  Edmund (D)
3 creatures vanquished.

Grand Total: 32 creatures vanquished

Notes
Turn   | Place    | Note
--------------------------------------------------------------
     0 | D        | pipel the Felid Enchanter began the quest for the Orb.
     0 | D        | Reached XP level 1. HP: 7/7 MP: 4/4
     0 | D        | Found a roughly hewn altar of Beogh.
     0 | D        | Found a viscous altar of Jiyva.
     0 | D        | Found a corrupted altar of Lugonu.
     0 | D        | Found a white marble altar of Elyvilon.
     0 | D        | Found a sparkling altar of Nemelex Xobeh.
     0 | D        | Found a burning altar of Makhleb.
     0 | D        | Found an iron altar of Okawaru.
     0 | D        | Found a deep blue altar of Sif Muna.
     0 | D        | Found a radiant altar of Vehumet.
     0 | D        | Found a bloodstained altar of Trog.
     0 | D        | Found a shimmering altar of Xom.
     6 | D        | Killed Edmund
    16 | D        | Reached skill level 5 in Stealth
    16 | D        | Reached skill level 5 in Hexes
    16 | D        | Reached XP level 2. HP: 13/13 MP: 5/7
    24 | D        | Became a worshipper of Sif Muna the Loreminder
    31 | D        | Learned a level 2 spell: Ensorcelled Hibernation
    31 | D        | Entered arena 1.
    31 | D        | Noticed a phantom
    31 | D        | Noticed a phantom
    43 | D        | Entered arena 2.
    43 | D        | Noticed a crimson imp
    43 | D        | Noticed a crimson imp
    46 | D        | Killed a crimson imp
    46 | D        | Reached skill level 6 in Stealth
    46 | D        | Reached XP level 3. HP: 10/16 MP: 9/9
    46 | D        | Reached * piety under Sif Muna
    46 | D        | Reached skill level 5 in Dodging
    46 | D        | Reached skill level 7 in Stealth
    46 | D        | Reached XP level 4. HP: 13/20 MP: 10/10
    46 | D        | Killed Maurice
    51 | D        | Learned a level 3 spell: Confuse
    55 | D        | Learned a level 3 spell: Tukima's Dance
   164 | D        | Entered arena 3.
   165 | D        | Reached skill level 8 in Stealth
   166 | D        | Reached skill level 9 in Stealth
   166 | D        | Reached XP level 5. HP: 23/23 MP: 10/12
   176 | D        | Learned a level 3 spell: Dazzling Spray
   177 | D        | Entered arena 4.
   183 | D        | Reached ** piety under Sif Muna
   183 | D        | Reached skill level 10 in Hexes
   186 | D        | Reached skill level 10 in Stealth
   326 | D        | Killed Snorg
   350 | D        | Entered arena 5.
   350 | D        | Noticed a jumping spider
   354 | D        | Reached skill level 5 in Spellcasting
   354 | D        | Gained mutation: You are covered in thick fur (AC +2). [Felid growth]
   354 | D        | Reached XP level 6. HP: 27/27 MP: 15/15
   362 | D        | Killed a jumping spider
   362 | D        | Reached *** piety under Sif Muna
   362 | D        | Reached skill level 12 in Stealth
   362 | D        | Reached skill level 1 in Conjurations
   362 | D        | Reached XP level 7. HP: 30/30 MP: 6/17
   452 | D        | Entered arena 6.
   452 | D        | Noticed a spriggan rider
   463 | D        | Reached **** piety under Sif Muna
   463 | D        | Reached skill level 1 in Invocations
   465 | D        | Slain by a spriggan rider
   466 | D        | Reached XP level 6. HP: -3/27 MP: 15/16
   467 | D        | Entered arena 6.
   471 | D        | Reached skill level 13 in Stealth
   472 | D        | Reached XP level 7. HP: 9/31 MP: 14/17
   472 | D        | Slain by a black bear
   473 | D        | Reached XP level 6. HP: 0/28 MP: 14/16
   473 | D        | Noticed an orc warrior
   483 | D        | Killed an orc warrior
   483 | D        | Reached ***** piety under Sif Muna
   525 | D        | Entered arena 8.
   525 | D        | Noticed a wyvern
   525 | D        | Noticed a swamp drake
   525 | D        | Noticed a rime drake
   525 | D        | Noticed a wyvern
   525 | D        | Noticed a steam dragon
   525 | D        | Noticed a mottled dragon
   525 | D        | Noticed a wyvern
   531 | D        | Killed a mottled dragon
   531 | D        | Reached skill level 14 in Stealth
   531 | D        | Reached XP level 7. HP: 27/31 MP: 15/18
   557 | D        | Killed a steam dragon
   557 | D        | Reached skill level 1 in Ice Magic
   560 | D        | Killed a wyvern
   565 | D        | Killed from afar by a rime drake

Vault maps used:
D:        sprint_v

Skill      XL: |  1  2  3  4  5  6  7 |
---------------+----------------------+-----
Fighting       | 2 3 |  3.5
Dodging        | 4 5 6 8 9 |  9.6
Stealth        | 5 6 7 9 10 14 | 14.3
Unarmed Combat | 2 3 4 |  4.0
Spellcasting   | 3 4 5 6 7 |  7.1
Hexes          | 5 7 8 9 10 12 13 | 13.7
Evocations     | 2 3 4 |  4.0
Conjurations   | 2 |  2.4
Invocations    | 2 3 |  3.0
Ice Magic      | 1 |  1.3

Action                   |  1- 3 |  4- 6 |  7- 9 || total
-------------------------+-------+-------+-------++-------
Melee: Unarmed           |       |    12 |     9 ||    21
       Bite              |       |       |     2 ||     2
 Cast: Dazzling Spray    |       |    10 |     6 ||    16
       Ensorcelled Hiber |       |     2 |     3 ||     5
       Tukima's Dance    |       |     1 |       ||     1
       Confuse           |       |       |     1 ||     1
Invok: Channel Energy    |       |     7 |     4 ||    11
Evoke: Club              |     2 |     6 |     2 ||    10
       Hammer            |       |       |     2 ||     2
  Use: Potion            |     1 |       |     3 ||     4
       Scroll            |       |       |     1 ||     1
 Stab: Sleeping          |       |     6 |     1 ||     7
       Invisible         |       |     3 |     2 ||     5
  Eat: Chunk             |       |     8 |       ||     8
Armor: Skin              |     1 |       |     1 ||     2
Dodge: Dodged            |     2 |    31 |    50 ||    83
